 Dungeon Crawl Stone Soup version 0.26-a0-958-gf3041fb45f (console) character file.

Game seed: 9815248206164928275

140193 om the Severer (level 16, -2/134 HPs)
             Began as a Minotaur Berserker on Nov 24, 2020.
             Was the Champion of Trog.
             Slain by a reaper
             ... wielding a +3 scythe of freezing
              (4 damage)
             ... in the Vestibule of Hell on Nov 30, 2020.
             The game lasted 01:15:46 (32213 turns).

om the Severer (Minotaur Berserker)                Turns: 32213, Time: 01:15:48

Health: -2/134     AC: 23    Str: 27    XL:     16   Next: 75%
Magic:  0/15       EV: 19    Int:  4    God:    Trog [******]
Gold:   2394       SH: 17    Dex: 13    Spells: 15/15 levels left

rFire    + + .     SeeInvis .   x - +3 broad axe (elec)
rCold    . . .     Faith    .   Y - +3 kite shield of the Beekeeper {rF+}
rNeg     + + .     Spirit   .   s - +2 plate armour {MR+}
rPois    +         Reflect  .   (helmet restricted)
rElec    +         Harm     .   w - +0 cloak
rCorr    .         Rampage  .   (no gloves)
MR       +++..                  t - +2 pair of boots
Stlth    ..........             A - macabre finger necklace {rN+}
HPRegen  0.32/turn              D - +4 ring of evasion
MPRegen  0.14/turn              n - ring of protection from magic
                                W - ring of Megalomania {rElec rPois rN+ Dex+3 Stlth+}

@: berserk cooldown, slowed, very slow
A: retaliatory headbutt, hooves 1, horns 2, clumsy 1, fire resistance 1
a: Berserk, Trog's Hand, Brothers in Arms, Renounce Religion


You were in the Vestibule of Hell.
You worshipped Trog.
Trog was exalted by your worship.
You visited 6 branches of the dungeon, and saw 26 of its levels.
You visited the Abyss 1 time.
You also visited: Gauntlet and Volcano.

You collected 2560 gold pieces.
You spent 166 gold pieces at shops.

Inventory:

Hand Weapons
 j - a +2 hand axe of venom
 x - a +3 broad axe of electrocution (weapon)
 C - a +5 antimagic war axe
 K - a +3 broad axe of flaming
Missiles
 f - 19 javelins
 h - 62 boomerangs (quivered)
 i - 3 boomerangs of dispersal
 Q - 2 silver boomerangs
Armour
 s - a +2 plate armour of magic resistance (worn)
 t - a +2 pair of boots (worn)
 w - a +0 cloak (worn)
 V - the +1 pair of gloves "Nekhlure" {rElec rN+ Int-5}
   (You found it in a Gauntlet)

   It affects your intelligence (-5).
   It insulates you from electricity.
   It protects you from negative energy.
 Y - the +3 kite shield of the Beekeeper (worn) {rF+}
   (You took it off a minotaur in a Gauntlet)

   It protects you from fire.
Jewellery
 a - a +4 ring of evasion
 g - a +6 ring of intelligence
 k - the ring "Zoetoiv" {*Drain rElec rPois rF+++ AC+4}
   (You acquired it on level 2 of the Orcish Mines)

   [ring of protection]

   It affects your AC (+4).
   It renders you almost immune to fire.
   It insulates you from electricity.
   It protects you from poison.
   It causes draining when unequipped.
 n - a ring of protection from magic (right hand)
 v - an uncursed ring of ice
 A - the macabre finger necklace (around neck) {rN+}
   (You found it on level 6 of the Lair of Beasts)

   [amulet of nothing]

   It protects you from negative energy.
 D - a +4 ring of evasion (left hand)
 G - an uncursed ring of protection from fire
 H - an uncursed ring of poison resistance
 I - an uncursed ring of stealth
 J - an uncursed ring of positive energy
 W - the ring of Megalomania (on amulet) {rElec rPois rN+ Dex+3 Stlth+}
   (You found it in a Gauntlet)

   [ring of stealth]

   It affects your dexterity (+3).
   It insulates you from electricity.
   It protects you from poison.
   It protects you from negative energy.
   It makes you more stealthy.
Wands
 b - a wand of disintegration (27)
 e - a wand of enslavement (6)
 o - a wand of polymorph (34)
 r - a wand of paralysis (34)
 u - a wand of acid (8)
 P - a wand of flame (4)
 X - a wand of digging (3)
Scrolls
 d - 5 scrolls of magic mapping
 m - a scroll of teleportation
 p - 6 scrolls of enchant armour
 y - 3 scrolls of fog
 z - 4 scrolls of identify
 B - 7 scrolls of remove curse
 O - 2 scrolls of silence
 R - 4 scrolls of immolation
 S - a scroll of torment
 U - 3 scrolls of blinking
Potions
 c - 4 potions of might
 l - 11 potions of curing
 q - 7 potions of haste
 E - 2 potions of ambrosia
 F - 3 potions of lignification
 N - 2 potions of flight
 T - 3 potions of cancellation
Miscellaneous
 M - a condenser vane


   Skills:
 - Level 10.0 Fighting
 - Level 20.4 Axes
 - Level 8.0 Throwing
 + Level 14.3 Armour
 + Level 13.7 Dodging
 + Level 14.3 Shields
 - Level 6.0 Evocations


You had 15 spell levels left.
You didn't know any spells.
Your spell library was empty.

Dungeon Overview and Level Annotations

Branches:
Dungeon (15/15) Temple (0/1) D:5 Lair (6/6) D:8 Swamp (1/4) Lair:3 Snake (0/4) Lair:2 Slime (0/5) Lair:6 Orc (2/2) D:9 Elf (1/3) Orc:2 Vaults (0/5) D:13 D:14 Depths (0/5) D:15 Hell (1/1) Volcano (visited) Gauntlet (visited) Dis: Hell:1 Geh: Hell:1 Coc: Hell:1 Tar: Hell:1

Altars:
Ashenzari
Elyvilon
Fedhas
Gozag
Kikubaaqudgha
Makhleb
Qazlal
Ru
Sif Muna

Shops:
D:9 }   D:13 }!(!}   Orc:2 }[?}

Portals:
Hell: Lair:6

Annotations:
Hell Geryon


Innate Abilities, Weirdness & Mutations

You reflexively headbutt those who attack you in melee.
You have a pair of horns on your head.
You have large cloven feet.
You are clumsy. (Dex -2)
Your flesh is heat resistant. (rF+)


Message History

The red devil hits you from afar with a +2 trident of pain.
* * * LOW HITPOINT WARNING * * *
The hell rat bites you but does no damage.
Something hits you!!
* * * LOW HITPOINT WARNING * * *
You feel your power leaking away.
Geryon winds a great silver horn.
You feel a strong urge to attack something.
A water elemental, a reaper and an ice devil come into view.
The reaper is wielding a +3 scythe of venom.
You are no longer berserk.
You are exhausted.
You feel yourself slow down.
The hell beast squeals, "Slither home, thou quaking weevil-witted serf!"
The hell knight mumbles some strange words.
The hell knight seems to speed up.
The reaper hits you with a +3 scythe of freezing!
* * * LOW HITPOINT WARNING * * *
The reaper freezes you.
You die...

.. ##. .## ##.p
..## ##...#...##
##...#.#...##
.&#.....#..# ##.
#.p†....# #
##.2.#.r{....#...
.......224.......
........@2r.4..2.
...............E.
##...#.....2.#...
##..#.......# .#
##..#.....#..
##...#.#...##
##...#...## ##..
.4##


You could see Geryon, 3 hell beasts, 3 reapers, a hell knight (fast), 2 ice
devils, a water elemental, a red devil and 2 hell rats.

Vanquished Creatures
  Rupert (D:13)
  Kirke (D:15)
  A tentacled starspawn (Abyss:1)
  An orc warlord (D:9)
  A fire giant (D:10)
  Nessos (Lair:6)
  3 dire elephants
  A red draconian (Volcano)
  A minotaur (Gauntlet)
  An ettin (D:13)
  Josephine (D:12)
  A blizzard demon (Gauntlet)
  9 hydras
  An ogre mage (Volcano)
  Harold (Orc:1)
  A great orb of eyes (Abyss:1)
  4 boulder beetles
  A ghost crab (Gauntlet)
  An ice dragon (D:13)
  5 centaur warriors
  9 two-headed ogres
  Erica (Orc:1)
  2 catoblepae
  An alligator (Lair:3)
  2 thrashing horrors (Abyss:1)
  9 death yaks
  3 orc high priests (Orc:2)
  A sun demon (Lair:6)
  2 wretched stars (Abyss:1)
  Sonja (Lair:2)
  8 skeletal warriors
  An unseen horror (D:15)
  A deep troll (D:13)
  A lindwurm (Lair:5)
  10 orc knights
  3 large abominations (Abyss:1)
  A wizard (Lair:6)
  5 oklob plants
  A wolf spider (D:15)
  2 ugly things
  2 orc sorcerers
  2 manticores
  3 cyclopes
  4 deep elf magi
  17 elephants
  A rust devil (Gauntlet)
  Maurice (D:12)
  2 ice statues
  3 smoke demons
  An orange demon (Lair:6)
  7 black mambas
  12 cane toads
  3 gargoyles
  Maggie (D:10)
  7 yaktaurs
  6 rime drakes
  5 komodo dragons
  A hellwing (Abyss:1)
  A freezing wraith (D:9)
  3 kobold demonologists (D:12)
  3 ice devils
  A troll (shapeshifter) (D:14)
  7 trolls
  3 meliai (D:14)
  4 polar bears
  15 blink frogs
  12 slime creatures
  A meliai zombie (D:15)
  A centaur simulacrum (D:15)
  4 flying skulls (Abyss:1)
  Sigmund (D:4)
  A ynoxinul (Gauntlet)
  The ghost of ArcanElement the Magician, an amateur DEWz (D:5)
  An air elemental (Elf:1)
  2 vampires
  6 fire bats (Volcano)
  2 neqoxecs
  3 wraiths (D:12)
  6 basilisks
  4 hogs (D:15)
  6 wyverns
  17 humans
  70 yaks
  2 chaos spawn (Gauntlet)
  6 vampire mosquitoes
  2 steam dragons
  3 wargs
  2 nagas (Lair:2)
  3 soldier ants
  13 water moccasins
  5 hell hounds (Lair:6)
  A hornet zombie (D:10)
  50 orc warriors
  6 ice beasts
  A sky beast (D:14)
  6 phantoms
  A black bear (Lair:1)
  17 ogres
  8 centaurs
  A necrophage (D:11)
  21 wolves
  3 big kobolds
  20 bullfrogs
  An earth elemental (Abyss:1)
  A wyvern zombie (D:11)
  4 scorpions
  A wyvern skeleton (D:12)
  14 killer bees
  13 wights
  4 howler monkeys
  5 lava snakes (Volcano)
  6 hounds
  11 bullfrog skeletons
  21 orc priests
  5 jellies
  4 centaur skeletons
  3 iron imps (Gauntlet)
  6 iguanas
  Natasha (thrice) (D:3)
  24 orc wizards
  10 worker ants
  5 hell rats (Hell)
  A killer bee zombie (D:9)
  A hound zombie (D:8)
  3 hound skeletons
  A worker ant zombie (D:10)
  4 gnolls (D:2)
  18 adders
  3 shadow imps
  6 white imps
  An adder zombie (D:10)
  A worm (D:3)
  A dart slug (D:3)
  4 leopard geckos
  97 orcs
  10 bats
  2 giant cockroaches
  4 goblins
  5 hobgoblins
  17 jackals
  3 kobolds
  5 quokkas
  3 ball pythons
  6 frilled lizards
  6 rats
868 creatures vanquished.

Vanquished Creatures (collateral kills)
  A two-headed ogre (Volcano)
  2 orc high priests (Orc:2)
  3 starcursed masses (Abyss:1)
  An orange demon (Lair:6)
  A hellwing (Abyss:1)
  2 red devils (Lair:6)
  A wraith (Abyss:1)
  A large abomination (Abyss:1)
  4 starspawn tentacles (Abyss:1)
16 creatures vanquished.

Vanquished Creatures (others)
  A centaur (D:10)
  A worker ant (D:13)
  21 fungi
  63 plants
  3 starspawn tentacles (Abyss:1)
89 creatures vanquished.

Grand Total: 973 creatures vanquished

Notes
Turn   | Place    | Note
-------+----------+-------------------------------------------
     0 | D:1      | om the Minotaur Berserker began the quest for the Orb.
     0 | D:1      | Reached XP level 1. HP: 19/19 MP: 0/0
   167 | D:1      | Reached XP level 2. HP: 21/27 MP: 1/1
   170 | D:1      | Reached skill level 4 in Axes
   803 | D:2      | Reached XP level 3. HP: 33/33 MP: 2/2
  1198 | D:2      | Reached ** piety under Trog
  1199 | D:2      | Reached XP level 4. HP: 26/40 MP: 3/3
  1934 | D:2      | Reached skill level 5 in Axes
  2410 | D:2      | Reached XP level 5. HP: 27/46 MP: 4/4
  2963 | D:3      | Noticed Natasha
  2969 | D:3      | Killed Natasha
  3187 | D:3      | Noticed Natasha
  3193 | D:3      | Killed Natasha
  3311 | D:3      | Reached skill level 6 in Axes
  3774 | D:3      | Noticed Natasha
  3779 | D:3      | Killed Natasha
  3780 | D:3      | Reached XP level 6. HP: 39/52 MP: 5/5
  3898 | D:4      | Reached skill level 1 in Shields
  4247 | D:4      | Reached XP level 7. HP: 49/59 MP: 6/6
  4307 | D:4      | Noticed Sigmund
  4317 | D:4      | Killed Sigmund
  4318 | D:4      | Reached skill level 7 in Axes
  4318 | D:4      | Reached skill level 5 in Armour
  4815 | D:5      | Entered Level 5 of the Dungeon
  4852 | D:5      | Reached *** piety under Trog
  4881 | D:5      | Reached skill level 8 in Axes
  4881 | D:5      | Reached XP level 8. HP: 43/66 MP: 7/7
  5003 | D:5      | Reached skill level 5 in Shields
  5060 | D:5      | Found a staircase to the Ecumenical Temple.
  5076 | D:5      | Reached skill level 5 in Dodging
  5174 | D:5      | Found a white marble altar of Elyvilon.
  5185 | D:5      | Found a runed translucent door.
  5186 | D:5      | Noticed ArcanElement's ghost (amateur DEWz)
  5584 | D:6      | Found a sacrificial altar of Ru.
  6045 | D:6      | Reached skill level 9 in Axes
  6224 | D:7      | Reached XP level 9. HP: 70/71 MP: 8/8
  6280 | D:7      | Found a shimmering blue altar of Sif Muna.
  6384 | D:7      | Reached **** piety under Trog
  6695 | D:7      | Reached skill level 10 in Axes
  6771 | D:8      | Noticed a death yak
  6815 | D:7      | Killed a death yak
  6914 | D:8      | Found a staircase to the Lair.
  6914 | D:8      | Noticed a death yak
  6914 | D:8      | Noticed a death yak
  6914 | D:8      | Noticed a death yak
  6914 | D:8      | Noticed a death yak
  6947 | D:7      | Killed a death yak
  6948 | D:7      | Reached XP level 10. HP: 80/80 MP: 9/9
  6996 | D:8      | Killed a death yak
  6997 | D:8      | Reached skill level 5 in Fighting
  7378 | D:8      | Killed a death yak
  7379 | D:8      | Reached skill level 11 in Axes
  7391 | D:8      | Killed a death yak
  7720 | D:8      | Found a blossoming altar of Fedhas.
  8237 | D:9      | Reached skill level 10 in Armour
  8326 | D:9      | Found a staircase to the Orcish Mines.
  8391 | D:9      | Reached ***** piety under Trog
  8392 | D:9      | Reached skill level 10 in Shields
  8582 | D:9      | Reached skill level 1 in Evocations
  8589 | D:9      | Reached XP level 11. HP: 81/89 MP: 10/10
  8910 | D:9      | Noticed a two-headed ogre
  8917 | D:9      | Killed a two-headed ogre
  9007 | D:9      | Reached skill level 12 in Axes
  9212 | D:9      | Found Ylicloos's Gadget Emporium.
  9471 | D:10     | Entered Level 10 of the Dungeon
  9734 | D:10     | Noticed Maggie
  9744 | D:10     | Killed Maggie
  9884 | D:10     | Received a gift from Trog
 10223 | D:10     | Noticed a fire giant
 10876 | D:10     | Killed a fire giant
 10877 | D:10     | Reached skill level 13 in Axes
 11333 | D:11     | Noticed a two-headed ogre
 11341 | D:11     | Killed a two-headed ogre
 11342 | D:11     | Reached skill level 5 in Evocations
 11510 | D:11     | Found an opulent altar of Gozag.
 11593 | D:11     | Reached skill level 10 in Dodging
 11657 | D:11     | Noticed a two-headed ogre
 11666 | D:11     | Killed a two-headed ogre
 11667 | D:11     | Reached XP level 12. HP: 96/96 MP: 3/11
 11858 | Lair:1   | Entered Level 1 of the Lair of Beasts
 11991 | Lair:1   | Received a gift from Trog
 12004 | Lair:1   | Reached skill level 14 in Axes
 13237 | Lair:2   | Reached skill level 15 in Axes
 13540 | Lair:2   | Noticed a six-headed hydra
 13550 | Lair:2   | Killed a one-headed hydra
 13551 | Lair:2   | Reached skill level 16 in Axes
 13690 | Lair:2   | Noticed Sonja
 13690 | Lair:2   | Paralysed by Sonja for 5 turns
 13707 | Lair:2   | Paralysed by Sonja for 3 turns
 13708 | Lair:2   | Cast into level 1 of the Abyss (Sonja)
 13869 | Abyss:1  | Reached skill level 17 in Axes
 13869 | Abyss:1  | Reached XP level 13. HP: 49/91 MP: 4/12
 13942 | Abyss:1  | Noticed a starcursed mass
 13942 | Abyss:1  | HP: 5/102 [starcursed mass/accursed screaming (7)]
 13948 | Abyss:1  | HP: 4/102 [wraith (3)]
 13960 | Abyss:1  | Noticed a tentacled starspawn
 13966 | Abyss:1  | HP: 5/102 [starcursed mass/accursed screaming (4)]
 13983 | Abyss:1  | Killed a tentacled starspawn
 13988 | Abyss:1  | Reached skill level 18 in Axes
 13989 | Lair:2   | Escaped the Abyss
 14619 | Lair:2   | You fall into a shaft and drop 2 floors!
 14722 | Lair:4   | Found a dark tunnel.
 14730 | Volcano  | Entered a volcano
 15037 | Volcano  | Received a gift from Trog
 15120 | Volcano  | Reached skill level 19 in Axes
 15123 | Volcano  | Noticed a red draconian
 15156 | Volcano  | Killed a red draconian
 15299 | Volcano  | Found a radiant altar of Vehumet.
 15322 | Volcano  | Found a bloodstained altar of Trog.
 15869 | Lair:4   | Reached skill level 20 in Axes
 16005 | Lair:4   | Reached XP level 14. HP: 103/110 MP: 13/13
 16337 | Lair:5   | Found an ancient bone altar of Kikubaaqudgha.
 17116 | Lair:5   | You fall into a shaft and drop 1 floor!
 17116 | Lair:6   | Entered Level 6 of the Lair of Beasts
 17140 | Lair:6   | Found a staircase to the Slime Pits.
 17824 | Lair:6   | Received a gift from Trog
 18691 | Lair:6   | Found a burning altar of Makhleb.
 18744 | Lair:6   | Found a gateway to Hell.
 18745 | Lair:6   | Found the macabre finger necklace {rN+}
 19060 | Lair:6   | Noticed Nessos
 19081 | Lair:6   | Killed Nessos
 19874 | Lair:3   | Reached XP level 15. HP: 112/124 MP: 14/14
 19882 | Lair:3   | Found a staircase to the Swamp.
 19889 | Lair:3   | Found a gate leading to a gauntlet.
 19898 | Gauntlet | Entered a Gauntlet
 19898 | Gauntlet | Found a transporter.
 19925 | Gauntlet | Found a transporter.
 19926 | Gauntlet | Found a transporter.
 19930 | Gauntlet | Found a transporter.
 19935 | Gauntlet | Found a transporter.
 19937 | Gauntlet | Found a transporter.
 19938 | Gauntlet | Found a transporter.
 19946 | Gauntlet | Identified the +4 broad axe of Wisdom {elec, *Noise *Slow
                  | rPois rF+++}
 19946 | Gauntlet | Identified the +3 kite shield of the Beekeeper {rF+}
 19949 | Gauntlet | Found a transporter.
 19950 | Gauntlet | Found a transporter.
 19950 | Gauntlet | Found a transporter.
 19961 | Gauntlet | Found a transporter.
 19961 | Gauntlet | Found a transporter.
 19962 | Gauntlet | Found a transporter.
 19970 | Gauntlet | Found a transporter.
 20550 | Gauntlet | Got a pair of ancient gloves
 20561 | Gauntlet | Identified the +1 pair of gloves "Nekhlure" {rElec rN+
                  | Int-5} (You found it in a Gauntlet)
 20561 | Gauntlet | Lost intelligence.
 20790 | Gauntlet | Got a clouded golden ring
 20791 | Gauntlet | Identified the ring of Megalomania {rElec rPois rN+ Dex+3
                  | Stlth+} (You found it in a Gauntlet)
 20833 | Gauntlet | Identified the Guide on Conjuration and Creation
 20839 | Gauntlet | Identified Sif Muna's Grimoire of Hexes
 21109 | Lair:3   | Found the +10 Black Knight's barding {ponderous, rPois rN+}
 21188 | Lair:3   | Received a gift from Trog
 21254 | Lair:3   | Gained mutation: You are clumsy. (Dex -2) [potion of
                  | mutation]
 21254 | Lair:3   | Gained mutation: You have large cloven feet. [potion of
                  | mutation]
 21254 | Lair:3   | Gained mutation: Your flesh is heat resistant. (rF+)
                  | [potion of mutation]
 21362 | Lair:3   | Found a shimmering blue altar of Sif Muna.
 21805 | Orc:1    | Entered Level 1 of the Orcish Mines
 21813 | Orc:1    | Noticed an orc warlord
 21841 | D:9      | Killed an orc warlord
 23078 | Orc:1    | Noticed Erica
 23088 | Orc:1    | Killed Erica
 23113 | Orc:1    | Noticed Harold
 23190 | Orc:1    | Killed Harold
 23576 | Orc:2    | Entered Level 2 of the Orcish Mines
 23581 | Orc:2    | Found a staircase to the Elven Halls.
 23595 | Orc:2    | Reached skill level 1 in Throwing
 23634 | Orc:2    | Reached skill level 10 in Fighting
 23635 | Orc:2    | Received a gift from Trog
 24000 | Orc:2    | Reached ****** piety under Trog
 25370 | Orc:2    | Found Zinidgh's Gadget Boutique.
 25373 | Orc:2    | Found Jukei's Gadget Boutique.
 25374 | Orc:2    | Found Runoef's Magic Scroll Boutique.
 25375 | Orc:2    | Found Lamet's Armour Shop.
 25378 | Orc:2    | Bought a scroll of identify for 26 gold pieces
 25378 | Orc:2    | Bought a scroll of identify for 26 gold pieces
 25378 | Orc:2    | Bought a scroll of identify for 26 gold pieces
 25378 | Orc:2    | Bought a scroll of identify for 26 gold pieces
 25378 | Orc:2    | Bought a scroll of identify for 26 gold pieces
 25379 | Orc:2    | Identified a scroll of acquirement
 25383 | Orc:2    | Acquired the ring "Zoetoiv" {*Drain rElec rPois rF+++ AC+4}
 25634 | D:11     | Received a gift from Trog
 26392 | D:12     | Noticed Maurice
 26401 | D:12     | Killed Maurice
 26517 | D:12     | Reached skill level 5 in Throwing
 26805 | D:12     | Noticed Josephine
 26814 | D:12     | Identified the +9 long sword of the Equator {antimagic, rC-
                  | Dex+6 Stlth+}
 26818 | D:12     | Killed Josephine
 27179 | D:13     | Found Jiatoir's Distillery.
 27541 | D:13     | Found Pidubbib's Gadget Shoppe.
 27673 | D:13     | Found Wurhimem's Gadget Shop.
 27691 | D:13     | Reached XP level 16. HP: 134/134 MP: 15/15
 27698 | D:13     | Found Wueq's Distillery.
 27703 | D:13     | Bought a potion of curing for 36 gold pieces
 27744 | D:13     | Received a gift from Trog
 27956 | D:13     | Found a runed translucent door.
 28014 | D:13     | Found Ahutiph's Weapon Boutique.
 28510 | D:14     | Found a gate to the Vaults.
 28510 | D:14     | Noticed Rupert
 28539 | D:13     | Killed Rupert
 28980 | D:14     | Found a broken altar of Ashenzari.
 29754 | D:15     | Entered Level 15 of the Dungeon
 29827 | D:15     | Found a staircase to the Depths.
 29961 | D:15     | Found a stormy altar of Qazlal.
 30203 | D:15     | Upgraded the game from 0.26-a0-858-gbf766624f9 to
                  | 0.26-a0-863-g3bff4b215c
 30291 | D:15     | Noticed Kirke
 30300 | D:15     | Received a gift from Trog
 30302 | D:15     | Killed Kirke
 30810 | Elf:1    | Entered Level 1 of the Elven Halls
 30843 | Elf:1    | Upgraded the game from 0.26-a0-863-g3bff4b215c to
                  | 0.26-a0-958-gf3041fb45f
 30972 | Swamp:1  | Entered Level 1 of the Swamp
 31272 | D:5      | Killed ArcanElement's ghost
 31368 | Lair:2   | Killed Sonja
 31427 | Lair:2   | Found a staircase to the Snake Pit.
 32193 | Hell     | Entered the Vestibule of Hell
 32193 | Hell     | Noticed Geryon
 32213 | Hell     | HP: 2/134 [reaper/+3 scythe of freezing (15)]
 32213 | Hell     | Slain by a reaper

Illustrated notes

Levels and vault maps discovered:
D:1:      mrwooster_arrival_statue_2, layout_basic, serial_bayou_pond_d
D:2:      layout_rooms, serial_bayou, serial_bayou_shore_a, serial_bayou_pond_a,
          serial_bayou_shore_b, serial_bayou_shore_b, serial_bayou_lake_a
D:3:      layout_basic, minmay_shallow_snake_nest, uniq_natasha
D:4:      layout_basic, uniq_sigmund
D:5:      layout_cave_pools, minmay_temple_entry_large_hall,
          gammafunk_ghost_grave, elyvilon_altar_4
D:6:      layout_basic, nicolae_ru_the_path_less_chosen
D:7:      layout_rooms, led_sif_book
D:8:      layout_loops_ring, dpeg_lair_monsters, fedhas_altar_1
D:9:      layout_irregular_city, erik_orc_4, serial_shops, nicolae_shop_stone
D:10:     layout_loops_corners, nzn_random_ring, uniq_maggie
D:11:     layout_irregular_city, grunt_gozag_breadcrumbs
D:12:     layout_loops_ring, uniq_maurice, uniq_josephine
D:13:     layout_loops_cross, serial_shops, kennysheep_little_box,
          nicolae_shop_behind_doors, nicolae_shop_crystal,
          nicolae_shop_statue_plus, shop, lightli_airlock
D:14:     layout_roguey, david_vaults_3,
          hangedman_abyss_or_decor_jellyfish_corner,
          nicolae_ashenzari_panopticon
D:15:     hangedman_depths_entry_try_elsewhere_first, layout_cross,
          serial_park_square3 [serial_park_minivault_5x5_7],
          minmay_misc_feat_columns, chequers_arboretum, chequers_avenue,
          grunt_qazlal_clouds, uniq_rupert, uniq_kirke
Lair:1:   minmay_lair_oklob_tunnel, layout_big_grid, bh_autumn_forest_stairs
Lair:2:   layout_cave_pods, guppyfry_snake_entry_garden,
          chequers_serial_rivers_large_a, uniq_sonja
Lair:3:   layout_hall_layers, swamp_mist, basic_altar, gauntlet_entry_generic
Lair:4:   layout_gridlike, lightli_volcano_entry_magma_tube,
          beast_lair_carwin_5, lemuel_fruit_fields
Lair:5:   layout_cave_pods, basic_altar
Lair:6:   evil_forest, layout_regular_city, minmay_slime_entry_pillars,
          grunt_megastairs_2, uniq_nessos
Swamp:1:  layout_falls_marsh, gammafunk_ghost_necromancy,
          evilmike_swamp_ruin_house_4, infiniplex_staircase_pool_2
Orc:1:    layout_caves, uniq_erica, uniq_harold
Orc:2:    st_orc_pillars, layout_diamond_mine
Elf:1:    eino_elf_arrival_altar, layout_geoelf_octagon,
          hangedman_elven_crosses_minicolossus, drop_trap
Hell

Skill      XL: |  1  2  3  4  5  6  7  8  9 10 11 12 13 14 15 16 |
---------------+-------------------------------------------------+-----
Axes           | 4 5 6 8 9 10 11 13 17 20 | 20.4
Fighting       | 4 6 9 10 | 10.0
Armour         | 3 4 5 7 9 10 11 13 14 | 14.3
Dodging        | 3 4 5 6 7 10 11 12 13 | 13.7
Shields        | 3 4 6 8 10 11 13 14 | 14.3
Evocations     | 1 5 6 |  6.0
Throwing       | 5 8 |  8.0

Action                   |  1- 3 |  4- 6 |  7- 9 | 10-12 | 13-15 | 16-18 || total
-------------------------+-------+-------+-------+-------+-------+-------++-------
Melee: Hand axe          |    46 |   127 |   224 |   210 |    11 |       ||   618
       Headbutt          |     5 |    18 |    50 |   156 |   305 |    71 ||   605
       War axe           |       |       |       |   436 |   309 |       ||   745
       Broad axe         |       |       |       |       |   949 |   329 ||  1278
Throw: Boomerang         |       |       |       |       |    37 |       ||    37
       Javelin           |       |       |       |       |     5 |       ||     5
Invok: Berserk           |     3 |     3 |     7 |    10 |    14 |     9 ||    46
       Trog's Hand       |       |       |       |       |     4 |       ||     4
       Brothers in Arms  |       |       |       |       |     5 |       ||     5
Evoke: Wand              |       |       |       |       |     3 |     2 ||     5
  Use: Scroll            |       |     4 |     6 |     6 |    26 |       ||    42
       Potion            |       |       |     2 |     2 |     7 |       ||    11
 Stab: Petrified         |       |       |       |       |     3 |       ||     3
       Paralysed         |       |       |       |       |     2 |     1 ||     3
       Petrifying        |       |       |       |       |     2 |       ||     2
Armor: Animal skin       |     7 |     9 |       |       |       |       ||    16
       Ring mail         |       |    10 |     5 |       |       |       ||    15
       Plate armour      |       |       |    44 |   194 |   330 |    84 ||   652
Dodge: Dodged            |    37 |    66 |    18 |   143 |   390 |   159 ||   813
Block: Tower shield      |       |    38 |   138 |   552 |   575 |       ||  1303
       Kite shield       |       |       |       |       |   388 |   257 ||   645

Table legend: (Time is in decaauts)
 A = Elapsed time spent in this place.
 B = Non-inter-level travel time spent in this place.
 C = Inter-level travel time spent in this place.
 D = Time resting spent in this place.
 E = Time spent auto-exploring this place.
 F = Levels seen in this place.
 G = Mean time per level.
                   A        B        C        D        E       F      G
               +--------+--------+--------+--------+--------+-----+--------+
         Total |  32255 |  30501 |   1754 |   8971 |  15814 |  29 | 1112.2 |
       Dungeon |  18657 |  17608 |   1049 |   4889 |   9760 |  15 | 1243.8 |
          Lair |   8860 |   8267 |    593 |   2453 |   4488 |   6 | 1476.7 |
         Swamp |     12 |     12 |      0 |      0 |      0 |   1 |   12.0 |
  Orcish Mines |   2532 |   2430 |    102 |    772 |    963 |   2 | 1266.0 |
   Elven Halls |     37 |     28 |      9 |      0 |      8 |   1 |   37.0 |
          Hell |     11 |     11 |      0 |      0 |      0 |   1 |   11.0 |
         Abyss |    287 |    287 |      0 |     57 |     23 |   1 |  287.0 |
       Volcano |    633 |    633 |      0 |    254 |    215 |   1 |  633.0 |
      Gauntlet |   1223 |   1223 |      0 |    545 |    356 |   1 | 1223.0 |
               +--------+--------+--------+--------+--------+-----+--------+

Top non-repeatable levels by time:
     D:9: 2684 daAuts
  Lair:6: 2452 daAuts
     D:2: 2114 daAuts
    D:10: 1959 daAuts
  Lair:1: 1750 daAuts
   Orc:2: 1701 daAuts
  Lair:2: 1659 daAuts
     D:8: 1399 daAuts
    D:12: 1273 daAuts
    D:13: 1262 daAuts
Gauntlet: 1223 daAuts
     D:3: 1150 daAuts
    D:14: 1124 daAuts
  Lair:4: 1091 daAuts
  Lair:5: 1067 daAuts
